Map: Blackpink LE

Players

Patience

  • Race: Protoss Protoss
  • Spawn Location: 1:00

Neeb - Winner!

  • Race: Protoss Protoss
  • Spawn Location: 7:00

Event: IEM Season 12 - Katowice

VOD

Have the link to the VOD?

Description

Time

  • Played on: Feb. 27, 2018, 2:25 p.m.
  • Length: 10:30

All games in this series

Show
View Real Time Build Order
Export as new Build Order

Patience Protoss 

Build Orders:  

Get SALT Encoding   

  12  0:00  Probe  
  13  0:12  Probe  
  14  0:18  Pylon  
  14  0:25  Probe (Chrono Boost)  
  15  0:38  Probe (Chrono Boost)  
  15  0:39  Gateway  
  16  0:42  Probe (Chrono Boost)  
  16  0:46  Assimilator  
  17  0:52  Probe (Chrono Boost)  
  17  0:54  Assimilator  
  19  1:05  Probe (Chrono Boost)  
  19  1:07  Gateway  
  19  1:11  Probe (Chrono Boost)  
  20  1:19  Probe  
  21  1:27  Cybernetics Core  
  21  1:31  Probe  
  22  1:34  Pylon  
  22  1:43  Probe  
  23  1:55  Probe  
  24  2:02  Warp Gate (Chrono Boost)  
  24  2:05  Adept, Sentry  
  24  2:08  Probe  
  29  2:12  Pylon  
  29  2:15  Pylon  
  29  2:23  Probe  
  30  2:32  Stalker x2  
  34  2:53  Nexus  
  34  3:02  Stalker  
  36  3:07  Stalker  
  38  3:15  Pylon  
  38  3:23  Shield Battery  
  38  3:27  Shield Battery  
  36  3:38  Gateway  
  36  3:44  Shield Battery  
  36  3:54  Sentry x2  
  40  3:58  Probe  
  40  4:01  Robotics Facility  
  41  4:09  Pylon  
  42  4:13  Probe (Chrono Boost)  
  42  4:14  Probe (Chrono Boost)  
  43  4:23  Probe (Chrono Boost)  
  43  4:30  Adept  
  46  4:31  Adept  
  46  4:32  Probe (Chrono Boost)  
  49  4:39  Stalker  
  53  4:46  Probe (Chrono Boost)  
  53  4:48  Probe (Chrono Boost)  
  53  4:51  Observer  
  54  4:53  Probe (Chrono Boost)  
  54  4:56  Probe (Chrono Boost)  
  56  5:03  Probe  
  56  5:04  Stalker x2  
  58  5:08  Probe (Chrono Boost)  
  54  5:16  Probe (Chrono Boost)  
  54  5:21  Probe (Chrono Boost)  
  51  5:25  Warp Prism  
  51  5:26  Probe (Chrono Boost)  
  51  5:27  Probe (Chrono Boost)  
  55  5:30  Probe (Chrono Boost)  
  55  5:35  Probe  
  56  5:40  Forge  
  53  5:43  Probe  
  53  5:48  Probe  
  55  5:55  Probe  
  56  5:58  Assimilator  
  56  6:00  Probe  
  56  6:01  Assimilator  
  56  6:03  Twilight Council  
  57  6:07  Probe  
  57  6:10  Protoss Ground Weapons Level 1 (Chrono Boost)  
  58  6:15  Probe (Chrono Boost)  
  59  6:20  Probe (Chrono Boost)  
  60  6:27  Probe (Chrono Boost)  
  60  6:31  Probe (Chrono Boost)  
  60  6:32  Pylon  
  62  6:34  Probe (Chrono Boost)  
  62  6:36  Probe (Chrono Boost)  
  64  6:41  Probe  
  64  6:42  Dark Shrine  
  64  6:44  Immortal  
  64  6:46  Probe  
  70  6:55  Adept x2  
  70  6:56  Probe  
  70  6:58  Probe  
  76  7:02  Pylon  
  76  7:13  Pylon  
  76  7:22  Nexus  
  72  7:26  Charge  
  72  7:28  Observer (Chrono Boost)  
  73  7:43  Gateway  
  73  7:44  Gateway  
  73  7:46  Gateway  
  73  7:47  Immortal  
  77  7:54  Dark Templar  
  79  8:03  Protoss Ground Weapons Level 2 (Chrono Boost)  
  79  8:05  Dark Templar x2  
  85  8:17  Gateway  
  85  8:18  Gateway  
  83  8:27  Dark Templar  
  85  8:37  Observer  
  85  8:43  Dark Templar  
  85  8:44  Dark Templar  
  85  8:47  Dark Templar  
  89  8:49  Archon  
  89  8:52  Immortal (Chrono Boost), Dark Templar  
  95  8:56  Pylon  
  95  8:57  Archon  
  95  9:00  Dark Templar x2  
  99  9:05  Archon  
  99  9:15  Zealot, Dark Templar  
  99  9:16  Zealot x2  
  107  9:17  Archon  
  107  9:20  Archon  
  107  9:27  Zealot x2  
  111  9:34  Pylon x2  
  106  9:54  Dark Templar  
  106  9:55  Dark Templar x2  
  106  9:56  Zealot x3, Dark Templar  
  106  9:59  Archon  
  120  10:00  Archon  
  120  10:01  Zealot  
Show
View Real Time Build Order
Export as new Build Order

Neeb Protoss - Winner!

Build Orders: Oracle Opening, Zealot Archon 

Get SALT Encoding   

  12  0:00  Probe  
  13  0:12  Probe  
  14  0:18  Pylon  
  14  0:24  Probe (Chrono Boost)  
  15  0:37  Probe (Chrono Boost)  
  15  0:38  Gateway  
  16  0:46  Probe (Chrono Boost), Assimilator  
  17  0:51  Probe (Chrono Boost)  
  17  0:54  Assimilator  
  18  1:03  Probe (Chrono Boost)  
  19  1:06  Gateway  
  19  1:11  Probe (Chrono Boost)  
  20  1:17  Probe  
  20  1:25  Cybernetics Core  
  21  1:29  Probe  
  22  1:34  Pylon  
  22  1:41  Probe  
  23  1:53  Probe  
  24  2:01  Stalker  
  24  2:02  Warp Gate, Stalker  
  24  2:08  Pylon  
  28  2:11  Probe  
  29  2:31  Stalker  
  29  2:32  Stargate  
  31  2:37  Stalker  
  33  3:02  Nexus  
  33  3:11  Shield Battery  
  33  3:15  Oracle (Chrono Boost)  
  36  3:21  Probe  
  35  3:33  Probe, Pylon  
  36  3:42  Oracle (Chrono Boost)  
  39  3:49  Shield Battery  
  39  3:51  Probe  
  40  4:03  Probe  
  40  4:05  Robotics Facility  
  41  4:14  Probe  
  41  4:15  Probe  
  43  4:26  Probe  
  43  4:27  Adept, Probe  
  43  4:28  Adept  
  49  4:38  Probe  
  50  4:40  Probe  
  51  4:47  Forge  
  51  4:49  Sentry x2  
  51  4:50  Probe  
  51  4:52  Probe  
  57  5:02  Probe  
  57  5:03  Immortal (Chrono Boost)  
  57  5:06  Probe  
  55  5:15  Probe (Chrono Boost)  
  55  5:19  Probe (Chrono Boost)  
  51  5:25  Protoss Ground Weapons Level 1 (Chrono Boost)  
  51  5:27  Probe (Chrono Boost)  
  52  5:32  Probe (Chrono Boost)  
  54  5:35  Probe (Chrono Boost)  
  54  5:37  Probe (Chrono Boost)  
  54  5:41  Probe  
  55  5:46  Probe  
  55  5:48  Assimilator  
  55  5:49  Assimilator  
  57  5:51  Twilight Council  
  57  5:53  Probe  
  58  6:01  Probe, Pylon  
  58  6:03  Pylon  
  59  6:05  Probe  
  60  6:13  Probe  
  60  6:15  Gateway  
  60  6:16  Observer  
  62  6:19  Probe  
  62  6:20  Gateway  
  62  6:25  Charge (Chrono Boost)  
  63  6:28  Gateway  
  63  6:29  Gateway  
  63  6:39  Templar Archives  
  63  6:48  Nexus  
  63  6:55  Immortal  
  67  7:03  Gateway  
  67  7:05  Gateway  
  67  7:12  Pylon  
  66  7:17  Probe x2  
  66  7:21  Protoss Ground Weapons Level 2 (Chrono Boost)  
  67  7:24  Pylon  
  67  7:29  Probe x2  
  69  7:33  Photon Cannon  
  69  7:39  Photon Cannon  
  69  7:43  High Templar  
  69  7:44  High Templar  
  73  7:48  Phoenix, Immortal (Chrono Boost)  
  73  7:49  Archon  
  77  8:01  Probe x3  
  77  8:05  High Templar x2  
  84  8:09  Archon  
  84  8:13  Probe x2, Photon Cannon  
  84  8:18  Zealot x3  
  92  8:20  Probe  
  92  8:25  Pylon  
  92  8:26  Warp Prism (Chrono Boost)  
  93  8:31  High Templar x2  
  99  8:38  Adept x2  
  99  8:41  Probe, Archon  
  100  8:45  Adept  
  103  8:49  Phoenix  
  103  8:54  Photon Cannon  
  105  9:01  Zealot x2  
  109  9:07  Zealot x3  
  115  9:11  Pylon  
  115  9:16  Pylon  
  115  9:18  High Templar  
  117  9:27  Assimilator  
  117  9:28  Assimilator  
  117  9:29  Probe x3, Zealot, High Templar  
  124  9:34  Pylon  
  124  9:35  Archon  
  124  9:37  Zealot x2  
  128  9:42  Zealot x2  
  132  9:53  Pylon  
  132  9:56  Zealot x3  
  138  10:01  Zealot  
  138  10:06  Pylon  
  140  10:09  Pylon  
  140  10:18  Zealot x6  
  134  10:23  Zealot x2  

Tags
 
Add a new tag
Caveats
  • Supply blocks, unpowered buildings, or Contaminate may cause inaccurate times.
  • Supply counts are checked every 10 seconds.